Map: Stargazers

Players

llllllllllll - Winner!

  • Race: Terran Terran
  • League: Silver
  • Spawn Location: 1:00

gusgus

  • Race: Zerg Zerg
  • League: Silver
  • Spawn Location: 11:00

VOD

Have the link to the VOD?

Description

bronze game please watch it.

Time

  • Played on: Nov. 13, 2022, 9:09 p.m.
  • Length: 20:05
Show
View Real Time Build Order
Export as new Build Order

llllllllllll Terran - Winner!

Build Orders:  

Get SALT Encoding   

  12  0:00  SCV  
  13  0:16  Supply Depot  
  13  0:19  SCV  
  14  0:31  SCV  
  15  0:40  Barracks  
  15  0:43  SCV  
  16  0:55  SCV  
  17  1:07  SCV  
  17  1:09  Barracks  
  18  1:19  SCV  
  19  1:29  Supply Depot  
  19  1:32  Refinery  
  20  1:34  Orbital Command  
  20  1:38  Marine  
  20  2:03  SCV  
  21  2:20  Command Center  
  21  2:23  Marine  
  22  2:35  Marine  
  23  2:41  Marine  
  24  3:06  Marine x2  
  26  3:17  SCV  
  27  3:22  Command Center  
  27  3:24  Marine x2  
  29  3:29  SCV  
  30  3:44  SCV  
  30  3:45  SCV  
  32  3:52  Refinery  
  32  3:56  Barracks Tech Lab  
  32  3:57  SCV x2, Barracks Reactor  
  32  3:59  Factory  
  34  4:09  SCV  
  36  4:13  Supply Depot  
  36  4:14  Orbital Command  
  35  4:21  SCV  
  36  4:33  Marauder, SCV  
  36  4:35  Supply Depot  
  39  4:44  Engineering Bay  
  39  4:45  SCV  
  40  4:54  Marauder  
  40  4:57  SCV x3  
  45  5:05  Factory Tech Lab  
  45  5:09  SCV x2  
  45  5:10  SCV  
  45  5:11  Starport, Engineering Bay  
  45  5:13  Marine  
  49  5:14  Marine  
  50  5:21  SCV x2  
  50  5:22  SCV  
  53  5:33  SCV  
  53  5:34  SCV x2  
  56  5:36  Siege Tank  
  56  5:41  Supply Depot, Terran Infantry Weapons Level 1  
  59  5:44  Terran Infantry Armor Level 1  
  59  5:45  SCV  
  59  5:46  SCV x2  
  62  5:58  SCV x3  
  65  6:10  SCV x3  
  65  6:11  Refinery  
  68  6:16  Refinery  
  68  6:18  Refinery  
  68  6:22  SCV x3  
  71  6:28  Starport Tech Lab  
  71  6:32  Fusion Core  
  71  6:34  SCV x3  
  71  6:38  Marauder  
  71  6:39  Marine  
  77  6:40  Marine  
  77  6:46  SCV x3  
  81  6:53  Refinery  
  81  6:57  Marine  
  81  6:58  SCV x2, Marine  
  85  7:07  SCV, Marine  
  87  7:10  Supply Depot, SCV x2  
  87  7:15  Marine x2  
  90  7:21  Armory  
  92  7:22  SCV  
  92  7:25  Marine  
  93  7:33  Marine x2  
  93  7:34  Supply Depot  
  93  7:35  SCV  
  96  7:43  Marine  
  98  7:56  Orbital Command  
  97  7:59  Siege Tank  
  97  8:01  Marine, Battlecruiser  
  107  8:10  Barracks  
  107  8:17  Barracks  
  107  8:20  Terran Ship Weapons Level 1  
  107  8:21  Armory  
  107  8:31  Siege Tank  
  110  8:38  Marine x3  
  113  8:55  Marine  
  113  8:56  Marine x2  
  113  8:57  Barracks  
  116  9:03  Siege Tank  
  121  9:11  Barracks Reactor  
  121  9:13  Marine  
  121  9:14  Marine x2  
  121  9:16  Barracks Reactor  
  122  9:31  Marine  
  122  9:32  Marine x2  
  125  9:47  Siege Tank  
  125  9:49  Marine x2  
  125  9:50  Marauder  
  119  10:07  Marine x2  
  118  10:11  Marauder  
  122  10:33  Marauder  
  124  12:31  SCV  
  125  12:55  Ghost Academy  
  125  12:57  Ghost Academy  
  125  13:00  Ghost Academy  
  125  13:08  Ghost Academy  
  125  13:09  Ghost Academy  
  125  13:11  Ghost Academy  
  125  13:18  Terran Infantry Armor Level 2, Terran Infantry Weapons Level 2  
  125  13:22  Terran Vehicle Weapons Level 1  
  125  13:23  Terran Ship Weapons Level 2  
  125  13:27  Barracks Tech Lab  
  125  14:02  Barracks Tech Lab  
  125  14:14  Ghost x2  
  129  14:28  Supply Depot  
  129  14:31  Barracks Tech Lab  
  129  14:35  Supply Depot  
  129  14:42  Ghost x2  
  133  15:03  Command Center  
  133  15:05  Enhanced Shockwaves  
  133  15:06  Personal Cloaking  
  133  15:09  Nuke x4  
  133  15:11  Ghost x2  
  133  15:13  Ghost  
  133  15:14  Ghost  
  137  15:16  Terran Vehicle And Ship Armor Level 1  
  131  15:39  Ghost x2  
  131  15:42  Ghost x2  
  137  16:08  Ghost x2  
  137  16:10  Ghost  
  137  16:11  Ghost  
  145  16:24  Nuke  
  145  16:32  Nuke  
  145  16:36  Ghost  
  145  16:39  Ghost x2  
  132  16:59  Planetary Fortress  
  131  17:05  Ghost  
  131  17:08  Ghost x2  
  136  17:24  Nuke  
  136  17:56  Nuke x4  
  136  17:57  Nuke  
  136  18:53  Nuke  
Show
View Real Time Build Order
Export as new Build Order

gusgus Zerg 

Build Orders: Pool First 

Get SALT Encoding   

  12  0:06  Drone  
  13  0:13  Overlord  
  13  0:30  Spawning Pool  
  12  1:17  Queen  
  14  1:19  Zergling x4  
  14  1:20  Zergling x2  
  17  1:34  Hatchery  
  17  1:35  Extractor  
  15  1:41  Extractor  
  15  1:42  Zergling x2  
  15  2:03  Drone x2  
  18  2:25  Hatchery  
  18  2:33  Hatchery  
  17  2:43  Metabolic Boost  
  17  3:27  Overlord x2  
  17  3:32  Overlord  
  18  3:49  Spine Crawler  
  18  3:54  Drone  
  18  3:55  Drone x3  
  21  4:32  Zergling x2  
  21  4:33  Zergling x4  
  24  4:40  Zergling x4  
  24  4:44  Zergling x2  
  27  5:07  Queen  
  29  5:18  Overlord x3  
  29  5:21  Overlord  
  29  6:06  Zergling x2  
  29  6:07  Zergling x4  
  32  6:13  Baneling Nest  
  31  6:23  Evolution Chamber  
  30  6:28  Roach Warren  
  30  6:30  Spore Crawler  
  30  6:31  Drone x3  
  31  6:49  Drone  
  31  6:50  Drone x3  
  35  7:03  Lair  
  35  7:09  Zergling x2  
  34  7:42  Zergling x2  
  34  7:43  Zergling x10  
  40  8:05  Zergling x2  
  40  8:06  Zergling x2  
  42  8:18  Tunneling Claws  
  42  8:21  Hatchery  
  42  8:24  Burrow  
  41  8:37  Zergling x6  
  41  8:39  Zergling x2  
  45  9:11  Spire  
  45  9:12  Centrifugal Hooks  
  44  9:36  Zergling x2  
  44  9:37  Zergling x2  
  11  10:04  Baneling x2, Zergling x2  
  11  10:05  Zergling x2  
  11  10:25  Baneling  
  11  10:26  Baneling x3  
  10  10:31  Drone x3  
  11  11:08  Spine Crawler  
  11  11:10  Drone  
  11  11:11  Drone x2  
  13  11:29  Zergling x6  
  13  11:30  Zergling x2  
  17  11:46  Zergling x2  
  18  11:47  Zergling x4  
  20  11:55  Drone  
  20  11:56  Drone x2  
  23  12:10  Roach x2  
  23  12:12  Baneling  
  23  12:13  Baneling x2  
  27  12:44  Pneumatized Carapace  
  27  12:48  Ravager x2  
  29  12:51  Baneling x4  
  29  12:52  Baneling x6  
  29  12:53  Baneling  
  29  13:01  Drone x2  
  29  13:03  Drone  
  32  13:29  Zergling x6  
  35  13:41  Spore Crawler  
  35  13:44  Spore Crawler  
  35  13:45  Spore Crawler  
  32  13:53  Roach  
  32  13:54  Roach x2  
  38  14:01  Zergling x2  
  38  14:02  Zergling x4  
  41  14:05  Queen  
  36  14:45  Zergling x2  
  37  14:46  Zergling x4  
  39  14:56  Roach x3  
  39  14:58  Drone x3  
  42  15:01  Roach x3  
  42  15:03  Queen  
  44  15:07  Baneling x10  
  44  15:08  Baneling x6  
  44  15:10  Baneling  
  44  15:19  Roach x3  
  44  15:28  Roach  
  44  15:30  Roach  
  44  15:41  Ravager  
  44  15:42  Ravager  
  46  15:44  Ravager  
  32  16:05  Spore Crawler  
  25  16:12  Spore Crawler  
  20  16:24  Zergling x10  
  2  17:13  Drone x2  
  2  17:15  Drone  
  3  17:43  Hatchery  
Tags
 
Matchup
TvZ
Opening
Pool First
Spawn Locations
Close Positions
Add a new tag
Caveats
  • Supply blocks, unpowered buildings, or Contaminate may cause inaccurate times.
  • Supply counts are checked every 10 seconds.